[Event "Titled Tuesday Blitz March 01 Early 2022"]
[White "Kohler, Aran"]
[Black "Qashashvili, Alexandre"]
[WhiteFideId "1002856"]
[BlackFideId "13600842"]
[WhiteElo "2259"]
[BlackElo "2316"]
[Result "1-0"]
[Round "09"]
[TimeControl "180+1"]
[Date "2022.03.01"]
[WhiteClock "0:01:06"]
[BlackClock "0:01:48"]

1. d4 c6 2. c3 d5 3. Bg5 Bf5 4. e3 Qb6 5. Qb3 Qxb3 6. axb3 e6 7. Nd2 Be7 8. Bxe7 Nxe7 9. f3 Nd7 10. e4 dxe4 11. fxe4 Bg6 12. Ngf3 O-O 13. b4 a6 14. Be2 Rad8 15. O-O Bh5 16. h3 e5 17. g4 Bg6 18. Rad1 exd4 19. Nxd4 Ne5 20. Nf5 Rfe8 21. Nc4 Rxd1 22. Rxd1 Bxf5 23. exf5 Nd5 24. Nxe5 Rxe5 25. Bf3 Kf8 26. Bxd5 Rxd5 27. Rxd5 cxd5 28. Kf2 Ke7 29. Ke3 Kd6 30. Kd4 f6 31. h4 b6 32. b3 Kc6 33. g5 fxg5 34. hxg5 Kd6 35. c4 dxc4 36. bxc4 a5 37. c5+ bxc5+ 38. bxc5+ Kc6 39. f6 gxf6 40. gxf6 a4 41. f7 a3 42. f8=Q a2 43. Qa8+ Kb5 44. Qxa2 h5 45. Qh2 h4 46. Qxh4 Kc6 47. Kc4 Kb7 48. Qh6 Ka7 49. Kb5 Ka8 50. Qg7 Kb8 51. Kb6 Kc8 52. Qc7# 1-0


[Site "https://www.chess.com"]

[Event "Titled Tuesday Blitz March 01 Early 2022"]
[White "Kozak, Antoni"]
[Black "Asadli, Vugar"]
[WhiteFideId "21832030"]
[BlackFideId "13405764"]
[WhiteElo "2232"]
[BlackElo "2635"]
[Result "1-0"]
[Round "09"]
[TimeControl "180+1"]
[Date "2022.03.01"]
[WhiteClock "0:00:17"]
[BlackClock "0:01:07"]

1. Nf3 g6 2. c4 Bg7 3. Nc3 d6 4. d4 Bg4 5. Qd3 Nc6 6. d5 Bxf3 7. gxf3 Ne5 8. Qd1 Nf6 9. e4 O-O 10. Be2 e6 11. Be3 exd5 12. cxd5 c6 13. Qd2 Qa5 14. dxc6 bxc6 15. O-O Rad8 16. Rfd1 d5 17. Nxd5 Rxd5 18. exd5 Qc7 19. dxc6 Qxc6 20. Bd4 Nh5 21. Rac1 Nxf3+ 22. Bxf3 Qxf3 23. Qe3 Qg4+ 24. Kh1 Rd8 25. f3 Qh4 26. Bxg7 Rxd1+ 27. Rxd1 Ng3+ 28. Kg2 Nf5 29. Qe5 Qg5+ 30. Kh1 Qh4 31. Bf6 1-0


[Site "https://www.chess.com"]

[Event "Titled Tuesday Blitz March 01 Early 2022"]
[White "Kukula, Pawel"]
[Black "Volkov, Maksim"]
[WhiteFideId "1115081"]
[BlackFideId "54123070"]
[WhiteElo "2203"]
[BlackElo "2081"]
[Result "1-0"]
[Round "09"]
[TimeControl "180+1"]
[Date "2022.03.01"]
[WhiteClock "0:02:02"]
[BlackClock "0:01:33"]

1. d4 d5 2. Nf3 Nf6 3. e3 e6 4. Bd3 c5 5. c3 Nc6 6. Nbd2 Qc7 7. O-O b6 8. dxc5 Bxc5 9. e4 O-O 10. Qe2 Bb7 11. b4 Be7 12. Bb2 dxe4 13. Nxe4 Nd5 14. g3 h6 15. a3 Nf6 16. c4 Nxe4 17. Qxe4 g6 18. Qe3 Kh7 19. h4 h5 20. Ng5+ Bxg5 21. Qxg5 Qe7 22. Qxh5+ 1-0


[Site "https://www.chess.com"]

[Event "Titled Tuesday Blitz March 01 Early 2022"]
[White "Lauridsen, Jesper Morch"]
[Black "Matveeva, Olga"]
[WhiteFideId "1401890"]
[BlackFideId "24107018"]
[WhiteElo "2194"]
[BlackElo "2083"]
[Result "0-1"]
[Round "09"]
[TimeControl "180+1"]
[Date "2022.03.01"]
[WhiteClock "0:02:13"]
[BlackClock "0:02:24"]

1. e4 e6 2. d4 d5 3. Bd3 c5 4. exd5 exd5 5. Nf3 Nf6 6. dxc5 Bxc5 7. O-O O-O 8. Nbd2 Nc6 9. Nb3 Bd6 10. Bg5 h6 11. Bh4 Bg4 12. h3 Bh5 13. g4 Bg6 14. Bxg6 fxg6 15. Bxf6 Qxf6 16. Qxd5+ Kh7 17. Nfd4 Qf4 18. Nf3 Qxf3 0-1


[Site "https://www.chess.com"]

[Event "Titled Tuesday Blitz March 01 Early 2022"]
[White "Lazavik, Denis"]
[Black "Warmerdam, Max"]
[WhiteFideId "13515110"]
[BlackFideId "1048104"]
[WhiteElo "2436"]
[BlackElo "2537"]
[Result "1/2-1/2"]
[Round "09"]
[TimeControl "180+1"]
[Date "2022.03.01"]
[WhiteClock "0:00:06"]
[BlackClock "0:00:22"]

1. d4 d5 2. c4 e6 3. Nf3 a6 4. cxd5 exd5 5. Nc3 c6 6. Qc2 Nf6 7. Bg5 Be6 8. e3 h6 9. Bf4 c5 10. Bd3 Nc6 11. dxc5 Bxc5 12. O-O O-O 13. Ne2 Qe7 14. Rac1 Ba7 15. Ned4 Rac8 16. Qa4 Bd7 17. Nxc6 Bxc6 18. Qa5 Ne4 19. Nd4 Bxd4 20. exd4 Rfe8 21. f3 Ng5 22. Rfe1 Ne6 23. Be5 Qd7 24. Qb6 Bb5 25. Bf5 Rxc1 26. Rxc1 Rc8 27. Rc5 Bc6 28. Rc3 Re8 29. Qb4 Qd8 30. Bxe6 Rxe6 31. Re3 Qg5 32. Qe1 Qf5 33. h3 f6 34. Bf4 Rxe3 35. Bxe3 Qd3 36. a3 Kf7 37. Qd2 Qxd2 38. Bxd2 h5 39. h4 Bb5 40. Kf2 1/2-1/2


[Site "https://www.chess.com"]

[Event "Titled Tuesday Blitz March 01 Early 2022"]
[White "Li, Ben"]
[Black "Chigaev, Maksim"]
[WhiteFideId "2089980"]
[BlackFideId "4108116"]
[WhiteElo "2267"]
[BlackElo "2502"]
[Result "0-1"]
[Round "09"]
[TimeControl "180+1"]
[Date "2022.03.01"]
[WhiteClock "0:00:09"]
[BlackClock "0:00:09"]

1. d4 Nf6 2. c4 g6 3. Nc3 Bg7 4. e4 d6 5. Nf3 O-O 6. h3 Qe8 7. Bg5 Na6 8. Be2 e5 9. d5 Nh5 10. g3 f5 11. exf5 gxf5 12. Nh4 Nf6 13. Qd2 Nc5 14. Qc2 a5 15. O-O-O Nfe4 16. Nxe4 Nxe4 17. Be3 Nc5 18. g4 e4 19. Nxf5 Bxf5 20. gxf5 Bf6 21. Kb1 Kh8 22. Rhg1 a4 23. a3 Ra6 24. Bd4 Bxd4 25. Rxd4 Qe5 26. Rd2 Rb6 27. Ka2 Rb3 28. h4 Rxf5 29. Bg4 Rf8 30. Be2 Rxf2 31. Rf1 Rxf1 32. Bxf1 Rf3 33. Bg2 Rf8 34. Re2 e3 35. Bh3 Rf3 36. Bg4 Rf4 37. Bc8 Qd4 38. h5 Rf8 39. h6 Rxc8 40. Rg2 Rg8 41. Rxg8+ Kxg8 42. Qg2+ Kf7 43. Qg5 Qxc4+ 44. Ka1 Nb3+ 45. Ka2 Nd4+ 46. Kb1 Qf1+ 47. Ka2 Nf5 48. Qh5+ Kf6 49. Qe8 Qc4+ 50. Kb1 Qd3+ 51. Ka1 Qd1+ 52. Ka2 Qxd5+ 53. Kb1 Qe6 54. Qh8+ Kg5 55. Qxh7 e2 56. Qg7+ Nxg7 57. h7 e1=Q+ 58. Kc2 Qb3# 0-1


[Site "https://www.chess.com"]

[Event "Titled Tuesday Blitz March 01 Early 2022"]
[White "Lou, Yiping"]
[Black "Indjic, Aleksandar"]
[WhiteFideId "8603928"]
[BlackFideId "911925"]
[WhiteElo "2412"]
[BlackElo "2616"]
[Result "0-1"]
[Round "09"]
[TimeControl "180+1"]
[Date "2022.03.01"]
[WhiteClock "0:00:01"]
[BlackClock "0:00:17"]

1. e4 c6 2. d4 d5 3. exd5 cxd5 4. Bd3 Nc6 5. c3 Qc7 6. h3 g6 7. Nf3 Bf5 8. Be2 Nf6 9. O-O h5 10. Nbd2 e6 11. Re1 Bd6 12. Nf1 Ne4 13. Ng5 O-O-O 14. Nxe4 Bxe4 15. b4 Ne7 16. Qb3 Kb8 17. Bg5 e5 18. Ng3 f5 19. Bf6 exd4 20. Bxh8 Rxh8 21. cxd4 h4 22. Rac1 Qb6 23. Nxe4 fxe4 24. Red1 Rf8 25. Bg4 a6 26. a3 Bf4 27. Rc5 Qf6 28. Qc2 Bd6 29. Rc3 Qf4 30. g3 Qg5 31. b5 axb5 32. Rb1 hxg3 33. fxg3 Qf6 34. Qd2 b4 35. axb4 Nf5 36. Bxf5 gxf5 37. b5 Rg8 38. b6 Bxg3 39. Kh1 Qh4 40. Qg2 f4 41. Rbc1 f3 42. Qf1 Bf4 43. R3c2 Bxc1 0-1


[Site "https://www.chess.com"]

[Event "Titled Tuesday Blitz March 01 Early 2022"]
[White "Makhnev, Denis"]
[Black "Bilych, Olexiy"]
[WhiteFideId "13707647"]
[BlackFideId "14156504"]
[WhiteElo "2491"]
[BlackElo "2195"]
[Result "1/2-1/2"]
[Round "09"]
[TimeControl "180+1"]
[Date "2022.03.01"]
[WhiteClock "0:00:55"]
[BlackClock "0:00:30"]

1. Nf3 d5 2. c4 d4 3. g3 c5 4. Bg2 Nc6 5. O-O e5 6. e3 Nf6 7. exd4 exd4 8. Re1+ Be7 9. d3 O-O 10. Ne5 Nxe5 11. Rxe5 Bd6 12. Re1 Bg4 13. Bf3 Bxf3 14. Qxf3 Re8 15. Rxe8+ Qxe8 16. Bd2 Qd7 17. Na3 Re8 18. Re1 Rxe1+ 19. Bxe1 h5 20. Nb5 Bb8 21. b4 a6 22. Na3 Qe7 23. Nc2 Bd6 24. bxc5 Bxc5 25. Bd2 Ng4 26. Kg2 g6 27. h3 Ne5 28. Qe4 Nc6 29. Qxe7 Bxe7 30. f4 f5 31. Kf3 Kf7 32. g4 hxg4+ 33. hxg4 Ke6 1/2-1/2


[Site "https://www.chess.com"]

[Event "Titled Tuesday Blitz March 01 Early 2022"]
[White "Maltsevskaya, Aleksandra"]
[Black "Kosakowski, Jakub"]
[WhiteFideId "24174041"]
[BlackFideId "1185080"]
[WhiteElo "2283"]
[BlackElo "2476"]
[Result "1-0"]
[Round "09"]
[TimeControl "180+1"]
[Date "2022.03.01"]
[WhiteClock "0:00:05"]
[BlackClock "0:00:02"]

1. e4 c5 2. Nf3 d6 3. d4 cxd4 4. Nxd4 Nf6 5. Nc3 a6 6. g3 e5 7. Nb3 Nbd7 8. Bg2 Be7 9. O-O O-O 10. a4 b6 11. Be3 Bb7 12. Qe2 Rc8 13. Rfd1 Rxc3 14. bxc3 Bxe4 15. Bxb6 Qa8 16. f3 Bg6 17. Bf2 Rc8 18. c4 d5 19. cxd5 Bxc2 20. d6 Bd8 21. f4 e4 22. Nd4 Bxd1 23. Rxd1 g6 24. h3 Bb6 25. Kh2 Qa7 26. a5 Bc5 27. Rc1 Re8 28. Nc6 Qb7 29. Ne7+ Rxe7 30. dxe7 Bxe7 31. Bd4 h5 32. Qc2 Qd5 33. Qc4 Qf5 34. Bxf6 Nxf6 35. Qxa6 Kg7 36. Qb7 Bd6 37. a6 h4 38. a7 Bxf4 39. Rf1 Bxg3+ 40. Kh1 Qe6 41. a8=Q e3 42. Qbc8 Qxc8 43. Qxc8 e2 44. Rg1 e1=Q 45. Rxe1 Bxe1 46. Qc7 Bg3 47. Qe7 Bf4 48. Bf3 Bg3 49. Bd1 Ng8 50. Qb7 Nh6 51. Bb3 Kg8 52. Kg2 Kg7 53. Qc6 Kh7 54. Qe4 Kg7 55. Kf3 Nf5 56. Qb7 Nh6 57. Qd7 Kg8 58. Bd5 Kg7 59. Bc4 Kg8 60. Qc6 Kg7 61. Qe4 Nf5 62. Qd5 Nd6 63. Bb3 Kg8 64. Qg5 Kg7 65. Qg4 Nf5 66. Qc4 Nd6 67. Qd4+ Kg8 68. Qf6 Kf8 69. Kg4 Kg8 70. Qxg6+ Kf8 71. Qf6 Kg8 72. Kh5 Kf8 73. Kh6 Ke8 74. Ba4+ Kf8 75. Qd8+ 1-0


[Site "https://www.chess.com"]

[Event "Titled Tuesday Blitz March 01 Early 2022"]
[White "Manelyuk, Daniil"]
[Black "Thomas, Anysia"]
[WhiteFideId "44173920"]
[BlackFideId "670472"]
[WhiteElo "2222"]
[BlackElo "2002"]
[Result "1-0"]
[Round "09"]
[TimeControl "180+1"]
[Date "2022.03.01"]
[WhiteClock "0:00:37"]
[BlackClock "0:00:08"]

1. e4 c5 2. Nf3 g6 3. d4 cxd4 4. Nxd4 Nc6 5. c4 Nf6 6. Nc3 d6 7. Be2 Nxd4 8. Qxd4 Bg7 9. Be3 O-O 10. Qd2 Be6 11. f3 Qa5 12. O-O Rfc8 13. b3 a6 14. Rab1 b5 15. b4 Qd8 16. cxb5 axb5 17. Bxb5 Nd7 18. Nd5 Bxd5 19. exd5 Ne5 20. a4 Nc4 21. Bxc4 Rxc4 22. a5 Qd7 23. b5 Bc3 24. Qd3 Rcc8 25. a6 Ba5 26. b6 Rab8 27. b7 Rc3 28. a7 Rxd3 29. axb8=Q+ Kg7 30. Qc8 1-0


[Site "https://www.chess.com"]

[Event "Titled Tuesday Blitz March 01 Early 2022"]
[White "Matinian, Nikita"]
[Black "Zierk, Steven"]
[WhiteFideId "24129100"]
[BlackFideId "2034255"]
[WhiteElo "2422"]
[BlackElo "2494"]
[Result "0-1"]
[Round "09"]
[TimeControl "180+1"]
[Date "2022.03.01"]
[WhiteClock "0:00:02"]
[BlackClock "0:00:09"]

1. e4 e6 2. d4 d5 3. Nc3 Bb4 4. Ne2 dxe4 5. a3 Bxc3+ 6. Nxc3 Nc6 7. Bb5 Ne7 8. Bg5 f6 9. Be3 O-O 10. Qd2 e5 11. d5 Nd4 12. Bxd4 exd4 13. Qxd4 Nf5 14. Qd2 Bd7 15. Bxd7 Qxd7 16. Nxe4 Rfe8 17. f3 Nd6 18. O-O-O Nxe4 19. fxe4 Rxe4 20. Rhe1 Rae8 21. Rxe4 Rxe4 22. Qd3 Re5 23. Qb3 b6 24. d6+ Kh8 25. dxc7 Qxc7 26. Qc3 Rc5 27. Qd3 h6 28. b4 Rg5 29. Qd8+ Qxd8 30. Rxd8+ Kh7 31. g3 Rh5 32. h4 Rf5 33. Ra8 a5 34. bxa5 bxa5 35. Kb2 h5 36. c4 Kg6 37. a4 Kf7 38. Ra7+ Kf8 39. Kc3 Rf3+ 40. Kd4 Rxg3 41. c5 Ke8 42. Rxa5 g5 43. c6 Kd8 44. Kc5 gxh4 45. Ra8+ Kc7 46. Ra7+ Kc8 47. Rh7 h3 48. Kb6 Rb3+ 49. Ka6 h2 50. Rxh5 Rb2 51. Rh7 f5 52. a5 f4 53. Ka7 f3 54. a6 f2 55. Rxh2 f1=Q 56. Rxb2 Qg1+ 57. Ka8 Qc1 58. Rb6 Kc7 59. Rb7+ Kxc6 60. a7 Qh1 0-1


[Site "https://www.chess.com"]

[Event "Titled Tuesday Blitz March 01 Early 2022"]
[White "Melian, Juan Sebastian"]
[Black "Iskusnyh, Sergei"]
[WhiteFideId "3706575"]
[BlackFideId "4120027"]
[WhiteElo "1842"]
[BlackElo "2492"]
[Result "0-1"]
[Round "09"]
[TimeControl "180+1"]
[Date "2022.03.01"]
[WhiteClock "0:00:04"]
[BlackClock "0:00:23"]

1. e4 e6 2. d4 d5 3. Bd3 c5 4. c3 dxe4 5. Bxe4 Nf6 6. Bf3 cxd4 7. cxd4 Bb4+ 8. Nc3 Nc6 9. Ne2 O-O 10. O-O Ne7 11. Bg5 Ng6 12. Qa4 Qa5 13. Bxf6 Qxa4 14. Nxa4 gxf6 15. Nac3 Rb8 16. Rac1 Bd7 17. Ne4 Kg7 18. Nc5 Bb5 19. Rfd1 b6 20. Nd3 Bd6 21. Bc6 Ba6 22. Bf3 Rfd8 23. g3 Rbc8 24. h4 Rxc1 25. Ndxc1 Rc8 26. Nc3 Ne7 27. N1e2 Nf5 28. d5 e5 29. Bg4 Kg6 30. Ne4 Rd8 31. h5+ Kg7 32. Bxf5 Bxe2 33. Rc1 Bxh5 34. Rc6 Bf8 35. g4 Bg6 36. d6 h5 37. f3 h4 38. Kg2 b5 39. Kh3 b4 40. b3 a5 41. Kxh4 Ra8 42. d7 Bxf5 43. gxf5 Rd8 44. Rc7 Be7 45. Kg4 Rh8 46. Rc8 Rd8 47. Rxd8 Bxd8 48. Nd6 Kf8 49. Nb7 Ke7 50. Nc5 Kd6 51. Ne4+ Kxd7 52. Kh5 Kc6 53. Kh6 Kd5 54. Kg7 Kd4 55. Nxf6 Ke3 56. Ng4+ Kf4 57. f6 e4 58. fxe4 Kxg4 59. e5 Kf5 60. e6 Kxe6 61. Kf8 Bxf6 62. Ke8 Be7 0-1


[Site "https://www.chess.com"]

[Event "Titled Tuesday Blitz March 01 Early 2022"]
[White "Mikhalsky, Vladimir"]
[Black "Odegov, Artem"]
[WhiteFideId "14144352"]
[BlackFideId "34183644"]
[WhiteElo "2248"]
[BlackElo "2277"]
[Result "0-1"]
[Round "09"]
[TimeControl "180+1"]
[Date "2022.03.01"]
[WhiteClock "0:00:01"]
[BlackClock "0:00:06"]

1. c4 Nf6 2. Nc3 c5 3. Nf3 Nc6 4. d4 cxd4 5. Nxd4 g6 6. e4 Bg7 7. Nc2 O-O 8. Be2 d6 9. Be3 Be6 10. O-O Rc8 11. b3 Ng4 12. Bxg4 Bxc3 13. Bxe6 fxe6 14. Nd4 Nxd4 15. Bxd4 Bxa1 16. Bxa1 b5 17. Qd4 e5 18. Qd5+ Kg7 19. Qxb5 Qb6 20. Qd7 Rc7 21. Qe6 Rf6 22. Qd5 e6 23. Qd2 Rcf7 24. g3 h5 25. Kg2 Qc6 26. f3 h4 27. Qe3 Qe8 28. Bc3 Qh8 29. Bd2 h3+ 30. Kg1 Qf8 31. f4 Kg8 32. Rf3 g5 33. f5 exf5 34. Qxg5+ Rg7 35. Qh4 f4 36. Qxh3 fxg3 37. Rxf6 gxh2+ 38. Kxh2 Qxf6 39. Qc8+ Qf8 40. Qe6+ Kh7 41. Qh3+ Kg6 42. Qh6+ Kf7 43. Bg5 Rg6 44. Qh5 Qg7 45. Bh4 Kg8 46. Qf3 Rg4 47. Bg3 Rg6 48. Kg2 Rf6 49. Qe3 Qg4 50. b4 Rf4 51. c5 Rxe4 52. Qb3+ Kh8 53. cxd6 Re2+ 54. Kf1 Rd2 55. Bxe5+ Kh7 56. Qf7+ Kh6 57. Qf8+ Kg5 58. Qg7+ Kf5 59. Qxg4+ Kxg4 60. b5 Kf5 61. Bg3 Ke6 62. a4 Ra2 63. Bf2 Rxa4 64. b6 a6 65. Bc5 Rc4 66. b7 Rc1+ 67. Ke2 Rb1 68. Kd3 Rxb7 69. Kc4 Rb1 70. Ba3 Rh1 71. Kc5 Rb1 72. Kc4 Kd7 0-1


[Site "https://www.chess.com"]

[Event "Titled Tuesday Blitz March 01 Early 2022"]
[White "Mirzanurov, Bulat"]
[Black "Derraugh, Geordie"]
[WhiteFideId "4184521"]
[BlackFideId "2603950"]
[WhiteElo "2116"]
[BlackElo "2116"]
[Result "0-1"]
[Round "09"]
[TimeControl "180+1"]
[Date "2022.03.01"]
[WhiteClock "0:00:02"]
[BlackClock "0:00:08"]

1. e4 c5 2. Nf3 d6 3. d4 cxd4 4. Nxd4 Nf6 5. Nc3 a6 6. Bg5 e6 7. f4 Qc7 8. Qf3 b5 9. a3 Bb7 10. O-O-O Nbd7 11. Bd3 Rc8 12. Kb1 Qa5 13. g4 Rxc3 14. bxc3 d5 15. e5 Bxa3 16. Bxb5 axb5 17. exf6 gxf6 18. Bh4 Nc5 19. Nb3 Nxb3 20. cxb3 Be7 21. Be1 Qa3 22. c4 bxc4 23. Qc3 cxb3 24. Qb2 Ba6 25. Bc3 Qxb2+ 26. Kxb2 Bc4 27. g5 Rg8 28. gxf6 Rg2+ 29. Kb1 Bc5 30. Rhe1 Kd7 31. Rd2 Rg4 32. Be5 Bb4 33. Rde2 Bxe1 34. Rxe1 Rg2 35. Bb2 Rxh2 36. f5 Rf2 37. fxe6+ fxe6 38. Rh1 Bd3+ 39. Kc1 Kd6 40. Rh6 Rc2+ 41. Kd1 Rxb2 42. f7 Rf2 0-1


[Site "https://www.chess.com"]

[Event "Titled Tuesday Blitz March 01 Early 2022"]
[White "Mirzoev, Azer"]
[Black "Martin Duque, Jesus"]
[WhiteFideId "13400304"]
[BlackFideId "2208954"]
[WhiteElo "2525"]
[BlackElo "2243"]
[Result "0-1"]
[Round "09"]
[TimeControl "180+1"]
[Date "2022.03.01"]
[WhiteClock "0:00:46"]
[BlackClock "0:01:53"]

1. d4 Nf6 2. c4 b6 3. Nc3 Bb7 4. f3 d5 5. cxd5 Nxd5 6. e4 Nxc3 7. bxc3 e5 8. Be3 exd4 9. cxd4 Bb4+ 10. Kf2 O-O 11. Bc4 c5 12. dxc5 Nd7 13. cxb6 Qf6 14. Ne2 Ne5 15. Qb3 Ng4+ 16. Kg3 Bd6+ 17. Bf4 Ne5 18. Bd5 Ng6 19. Bxd6 Qh4# 0-1


[Site "https://www.chess.com"]

[Event "Titled Tuesday Blitz March 01 Early 2022"]
[White "Miszler, Levente"]
[Black "Bogumil, Tatiana"]
[WhiteFideId "763276"]
[BlackFideId "4110579"]
[WhiteElo "1966"]
[BlackElo "1862"]
[Result "1-0"]
[Round "09"]
[TimeControl "180+1"]
[Date "2022.03.01"]
[WhiteClock "0:01:30"]
[BlackClock "0:00:20"]

1. Nf3 Nf6 2. g3 b6 3. Bg2 Bb7 4. O-O c5 5. b3 g6 6. Bb2 Bg7 7. c4 O-O 8. d4 d6 9. d5 b5 10. Nbd2 Nbd7 11. Qc2 a6 12. e4 bxc4 13. bxc4 Rb8 14. Rfe1 Ng4 15. Bxg7 Kxg7 16. h3 Nge5 17. Qc3 f6 18. Nxe5 fxe5 19. f4 Rf6 20. Rf1 Qc7 21. Nf3 exf4 22. gxf4 Kg8 23. Ng5 Qb6 24. e5 Rff8 25. Ne6 Rf7 26. exd6 exd6 27. f5 Ne5 28. fxg6 hxg6 29. Rxf7 Kxf7 30. Rf1+ Ke7 31. Qe3 Rg8 32. Qg5+ Kd7 33. Nf8+ Kc8 34. Qe7 Qc7 35. Qe6+ 1-0


[Site "https://www.chess.com"]

[Event "Titled Tuesday Blitz March 01 Early 2022"]
[White "Mitusov, Semen"]
[Black "Shuvalov, Evgenij"]
[WhiteFideId "14151049"]
[BlackFideId "4187237"]
[WhiteElo "2246"]
[BlackElo "2119"]
[Result "1-0"]
[Round "09"]
[TimeControl "180+1"]
[Date "2022.03.01"]
[WhiteClock "0:00:21"]
[BlackClock "0:00:04"]

1. e4 e6 2. Nf3 d5 3. Nc3 Nf6 4. e5 Nfd7 5. d4 c5 6. dxc5 Nc6 7. Bf4 a6 8. a3 Bxc5 9. Bd3 Be7 10. Bg3 Nc5 11. Be2 b5 12. O-O Bb7 13. Nd4 Nxd4 14. Qxd4 O-O 15. Rad1 Qc7 16. Bf3 Rfd8 17. Qg4 d4 18. Bxb7 Qxb7 19. Rxd4 Rxd4 20. Qxd4 Rd8 21. Qe3 h6 22. Rd1 Rxd1+ 23. Nxd1 Qd5 24. Nc3 Qd7 25. h3 Na4 26. Nxa4 bxa4 27. Qe4 Qb5 28. Qd4 Bc5 29. Qc3 Qb6 30. Qc4 Bf8 31. Qxa4 Qxb2 32. Qxa6 Bxa3 33. c4 Kh7 34. Qa7 Kg6 35. Qe3 Qb1+ 36. Kh2 Bc1 37. Qc3 Bb2 38. Qb3 Qc1 39. c5 Ba3 40. c6 Kh7 41. c7 Qxc7 42. Qxa3 Qc6 43. Qd3+ Kg8 44. Qd6 Qb7 45. Qd8+ Kh7 46. Qf8 Kg6 47. Qc5 Qe4 48. Qc3 Kh7 49. Qf3 Qg6 50. h4 h5 51. Qe2 Qf5 52. f3 Kg8 53. Qe4 Qxe4 54. fxe4 Kf8 55. Kg1 Ke7 56. Kf2 Kd7 57. Ke3 Kc6 58. Kd4 Kb5 59. Bf4 Kb4 60. g3 Kb5 61. Kc3 Kc5 62. Be3+ Kb5 63. Bd4 Kc6 64. Kc4 Kd7 65. Kc5 Kc7 66. Be3 Kd7 67. Bg5 Kc7 68. Be7 Kd7 69. Bf8 g6 70. Bd6 Kc8 71. Kc6 Kd8 72. Bc5 Ke8 73. Kd6 Kf8 74. Kd7+ Kg7 75. Be7 Kg8 76. Ke8 Kg7 77. Bf6+ Kg8 78. Ke7 g5 79. hxg5 h4 80. gxh4 Kh7 81. h5 Kg8 82. Ke8 Kh7 83. Bd8 Kg8 84. h6 Kh7 85. Kxf7 Kh8 86. Bf6+ Kh7 87. g6+ Kxh6 88. g7 Kh5 89. g8=Q Kh6 90. Qg6# 1-0


[Site "https://www.chess.com"]

[Event "Titled Tuesday Blitz March 01 Early 2022"]
[White "Muhammed, Shuaau"]
[Black "Buscar, Michael"]
[WhiteFideId "16700406"]
[BlackFideId "2603616"]
[WhiteElo "1674"]
[BlackElo "2010"]
[Result "1-0"]
[Round "09"]
[TimeControl "180+1"]
[Date "2022.03.01"]
[WhiteClock "0:02:07"]
[BlackClock "0:01:37"]

1. e4 c5 2. Nf3 e6 3. c3 a6 4. d4 cxd4 5. cxd4 d6 6. Nc3 Be7 7. Bd3 Nf6 8. h4 Nbd7 9. Bg5 b5 10. a3 Bb7 11. Qe2 Rc8 12. Rh3 Qa5 13. Kf1 Rxc3 14. bxc3 Qxc3 15. Rc1 Qxa3 16. Rc7 Qa1+ 17. Ne1 Bxe4 18. Bxe4 Qxd4 19. Bxf6 gxf6 20. Bc6 1-0


[Site "https://www.chess.com"]

[Event "Titled Tuesday Blitz March 01 Early 2022"]
[White "Murzin, Volodar"]
[Black "Ambartsumova, Karina"]
[WhiteFideId "44155573"]
[BlackFideId "4166299"]
[WhiteElo "2585"]
[BlackElo "2262"]
[Result "1-0"]
[Round "09"]
[TimeControl "180+1"]
[Date "2022.03.01"]
[WhiteClock "0:01:19"]
[BlackClock "0:00:13"]

1. e4 e5 2. Nf3 Nc6 3. Bb5 a6 4. Ba4 Nf6 5. O-O Be7 6. Re1 b5 7. Bb3 O-O 8. a4 b4 9. d4 Nxd4 10. Nxd4 exd4 11. e5 Ne8 12. Qxd4 Bb7 13. Nd2 d5 14. exd6 Bxd6 15. Qd3 Nf6 16. Nc4 Bc5 17. Ne5 Qxd3 18. Nxd3 Bd6 19. Bf4 Bxf4 20. Nxf4 Rad8 21. Re7 Rd7 22. Rae1 g5 23. Nh5 Rxe7 24. Nxf6+ Kg7 25. Nh5+ Kg6 26. Rxe7 Kxh5 27. Bxf7+ Kh6 28. Rxc7 Rd8 29. h3 Rd1+ 30. Kh2 Be4 31. Bb3 Rd2 32. Kg3 Kg6 33. Rc4 Bd5 34. Rxb4 Bxb3 35. Rxb3 Rxc2 36. Rb6+ Kh5 37. a5 h6 38. Kf3 1-0


[Site "https://www.chess.com"]

[Event "Titled Tuesday Blitz March 01 Early 2022"]
[White "Nazari, Arad"]
[Black "Astasio Lopez, David"]
[WhiteFideId "12577324"]
[BlackFideId "2230208"]
[WhiteElo "2120"]
[BlackElo "2355"]
[Result "0-1"]
[Round "09"]
[TimeControl "180+1"]
[Date "2022.03.01"]
[WhiteClock "0:01:08"]
[BlackClock "0:01:52"]

1. e4 c5 2. Nf3 e6 3. d4 cxd4 4. Nxd4 Nf6 5. Bd3 Nc6 6. Nxc6 bxc6 7. O-O d5 8. Nd2 Be7 9. b3 O-O 10. Bb2 a5 11. c4 a4 12. Qe2 a3 13. Be5 Nd7 14. Bg3 Bb7 15. Rac1 Nc5 16. cxd5 Nxd3 17. Qxd3 Ba6 18. Nc4 cxd5 19. exd5 exd5 20. Rcd1 dxc4 21. Qe4 Qe8 22. Rfe1 Bb4 23. Qg4 Bxe1 0-1


[Site "https://www.chess.com"]

[Event "Titled Tuesday Blitz March 01 Early 2022"]
[White "Neiksans, Arturs"]
[Black "Makhnev, Denis"]
[WhiteFideId "11601388"]
[BlackFideId "13707647"]
[WhiteElo "2447"]
[BlackElo "2491"]
[Result "0-1"]
[Round "09"]
[TimeControl "180+1"]
[Date "2022.03.01"]
[WhiteClock "0:00:01"]
[BlackClock "0:00:08"]

1. e4 c6 2. d4 d5 3. exd5 cxd5 4. Bd3 Nc6 5. c3 Nf6 6. Bf4 Bg4 7. Qb3 Qc8 8. Nd2 e6 9. Ngf3 Be7 10. O-O Bh5 11. Rae1 Bg6 12. Bxg6 hxg6 13. g3 a6 14. h4 b5 15. Ne5 Nd7 16. Ndf3 Ndxe5 17. dxe5 Qb7 18. Kg2 Rc8 19. Rd1 Kf8 20. Rh1 Kg8 21. Rd3 Rh5 22. a3 Bc5 23. Qd1 Bb6 24. g4 Rh8 25. h5 gxh5 26. gxh5 Ne7 27. h6 Ng6 28. Qd2 d4 29. cxd4 Qe4 30. Bg3 gxh6 31. Rh5 Rd8 32. Re3 Qg4 33. Rh1 h5 34. Nh2 Qxd4 35. Qe2 h4 36. Nf3 Qg4 37. Re4 h3+ 38. Kh2 Qf5 39. Rg1 Kf8 40. a4 Bc5 41. axb5 axb5 42. Re1 b4 43. Nd2 Rh5 44. Nc4 Rh8 45. Nd6 Qh5 46. Qc4 Qf3 47. Qf1 Bxd6 48. exd6 Kg7 49. R4e3 Qd5 50. Rd3 Qf5 51. Qe2 e5 52. Rf3 Qe6 53. Bxe5+ Nxe5 54. Qxe5+ Qxe5+ 55. Rxe5 Rxd6 56. Ref5 f6 57. Rxh3 Rxh3+ 58. Kxh3 Rd2 59. b3 Rd3+ 60. Kg4 Rxb3 61. Rb5 Kg6 62. f4 Rb1 63. f5+ Kh6 64. Rb6 b3 65. Rxf6+ Kg7 66. Rg6+ Kf7 67. Rb6 b2 68. Rb7+ Kf6 0-1


[Site "https://www.chess.com"]

[Event "Titled Tuesday Blitz March 01 Early 2022"]
[White "Niyazgulova, Marina"]
[Black "Potapova, Margarita"]
[WhiteFideId "24142573"]
[BlackFideId "14126869"]
[WhiteElo "2075"]
[BlackElo "2209"]
[Result "0-1"]
[Round "09"]
[TimeControl "180+1"]
[Date "2022.03.01"]
[WhiteClock "0:00:15"]
[BlackClock "0:00:26"]

1. d4 Nf6 2. c4 e6 3. Nc3 Bb4 4. Qc2 O-O 5. e4 d5 6. e5 Ne4 7. Bd3 c5 8. Ne2 cxd4 9. Nxd4 Nd7 10. Bf4 Ndc5 11. O-O Bxc3 12. bxc3 Nxd3 13. Qxd3 b6 14. cxd5 Qxd5 15. c4 Nc5 16. Qc3 Qe4 17. Bg3 Bb7 18. f3 Na4 19. Qd2 Qg6 20. Nb5 Ba6 21. Nd6 h5 22. Bh4 Nc5 23. Rfd1 Bb7 24. Rf1 Bc6 25. Rad1 Ba4 26. Rde1 Bc6 27. Be7 Rfb8 28. Rd1 Ba4 29. Rde1 Bc6 30. Rd1 Nd7 31. Qf4 Nc5 32. Rd4 Nd3 33. Qe3 Nc5 34. Rf4 Be8 35. Nxe8 Rxe8 36. Bxc5 bxc5 37. Qxc5 Rac8 38. Qxa7 Ra8 39. Qf2 Qg5 40. Re1 Qxf4 0-1


[Site "https://www.chess.com"]

[Event "Titled Tuesday Blitz March 01 Early 2022"]
[White "Obolenskikh, Dmitry"]
[Black "Mikhailov, Viacheslav"]
[WhiteFideId "4156013"]
[BlackFideId "4187369"]
[WhiteElo "2512"]
[BlackElo "2381"]
[Result "0-1"]
[Round "09"]
[TimeControl "180+1"]
[Date "2022.03.01"]
[WhiteClock "0:00:32"]
[BlackClock "0:00:29"]

1. e4 d6 2. d4 Nf6 3. Nc3 g6 4. Be3 Bg7 5. Nf3 O-O 6. Qd2 Bg4 7. Bh6 Bxf3 8. gxf3 e5 9. O-O-O exd4 10. Ne2 c5 11. h4 Nc6 12. Bxg7 Kxg7 13. h5 Qa5 14. Qf4 Ng8 15. Kb1 Ne5 16. Ng3 c4 17. hxg6 fxg6 18. Qh4 h6 19. f4 c3 20. Nf5+ Rxf5 21. Bc4 Nxc4 22. exf5 Na3+ 0-1


[Site "https://www.chess.com"]